 Dungeon Sprint DCSS version 0.19.0-2-gae57169 (webtiles) character file.

1213 LORDOFBUTT the Cleaver (level 8, -1/127 HPs)
             Began as a Minotaur Berserker on Nov 3, 2016.
             Was an Elder of Trog.
             Slain by a deep troll (17 damage)
             ... in the Dungeon (Sprint I: "Red Sonja").
             The game lasted 00:01:51 (1366 turns).

LORDOFBUTT the Cleaver (Minotaur Berserker)         Turns: 1366, Time: 00:01:52

Health: -1/127     AC:  2    Str: 26    XL:     8   Next: 22%
Magic:  10/10      EV: 16    Int:  4    God:    Trog [****..]
Gold:   608        SH:  0    Dex: 13    Spells: 0 memorised, 7 levels left

rFire  . . .     SeeInvis .     a - +0 hand axe
rCold  . . .     Gourm    .     b - +0 animal skin
rNeg   . . .     Faith    .     (no shield)
rPois  .         Spirit   .     (helmet restricted)
rElec  .         Reflect  .     (no cloak)
rCorr  .         Harm     .     (no gloves)
MR     .....     NoTele   +     (no boots)
Stlth  ..........               (no amulet)
                                (no ring)
                                (no ring)

@: berserking, very quick
A: retaliatory headbutt, horns 2
a: Berserk, Trog's Hand, Brothers in Arms, Burn Spellbooks, Renounce Religion


You were in the Dungeon.
You worshipped Trog.
Trog was greatly pleased with you.
You were not hungry.

You visited 1 branch You collected 608 gold pieces.

Inventory:

Hand Weapons
 a - a +0 hand axe (weapon)
Armour
 b - a +0 animal skin (worn)
Wands
 j - a wand of slowing (5/48)
Scrolls
 i - a scroll of blinking
Potions
 d - 4 potions of curing
 e - a potion of heal wounds
 f - a potion of haste
 g - 2 potions of magic
 h - a potion of berserk rage
 k - a potion of might {unknown}


   Skills:
 + Level 12.5 Fighting
 + Level 13.3 Axes
 + Level 6.7 Armour
 + Level 7.1 Dodging
 * Level 5.2 Evocations


You had 7 spell levels left.
You didn't know any spells.

Dungeon Overview and Level Annotations

Branches:
Dungeon (1/1)

Altars:
Cheibriados
Dithmenos
Elyvilon
Fedhas
Gozag
Hepliaklqana
Kikubaaqudgha
Makhleb
Nemelex Xobeh
Okawaru
Qazlal
Ru
Sif Muna
Trog
Uskayaw
Vehumet
Xom
Yredelemnul
Zin
The Shining One
Jiyva
Lugonu

Shops:
D !


Innate Abilities, Weirdness & Mutations

You reflexively headbutt those who attack you in melee.
You have a pair of horns on your head.


Message History

Found 108 gold pieces.
The deep troll shouts!
There is an open door here.
Drop what? 12/52 slots (_ for help) (? for menu, Esc to quit)
You drop the Guide on Gliding Ice.
You drop a book of Minor Magic.
The deep troll barely misses you. The deep troll claws you!
The deep troll barely misses you.
The spellbooks burst into flames.
Trog is delighted!
You can now call in reinforcements.
The deep troll is engulfed in roaring flames.
The deep troll bites you!! The deep troll claws you!! The deep troll claws you.
* * * LOW HITPOINT WARNING * * *
Unknown command.
A red film seems to cover your vision as you go berserk!
You feel yourself moving faster!
You feel mighty!
You feel a lot more hungry.
The deep troll is engulfed in roaring flames.
The deep troll bites you!
* * * LOW HITPOINT WARNING * * *
The deep troll claws you!
You die...

#..#####'#####'#__#
#..####..#...#)####
#..#__####..##.#
#..#_____##'#..+
#⌠⌠#_.∩...'..._#
####_..__##_(#'#
#_____###)#.#
#########.####+###
+..@T$$.$$+
#...####### ###.###
#.#'#.# #.....#
#.)...# #######


You could see a deep troll.

Vanquished Creatures
  Sonja (D)
  A slime creature (D)
  Sigmund (D)
  A yak (D)
  An ogre (D)
  A jelly (D)
  Ijyb (D)
  4 ballistomycetes (D)
11 creatures vanquished.

Vanquished Creatures (others)
  2 hornets (D)
  2 ballistomycete spores (D)
4 creatures vanquished.

Grand Total: 15 creatures vanquished

Notes
Turn   | Place    | Note
-------+----------+-------------------------------------------
     0 | D        | LORDOFBUTT the Minotaur Berserker began the quest for the Orb.
     0 | D        | Reached XP level 1. HP: 19/19 MP: 0/0
     2 | D        | Noticed Ijyb
    11 | D        | Killed Ijyb
    11 | D        | Reached skill level 5 in Fighting
    11 | D        | Reached skill level 5 in Axes
    11 | D        | Reached XP level 2. HP: 14/29 MP: 1/1
   148 | D        | Noticed an ogre
   151 | D        | Killed an ogre
   151 | D        | Reached skill level 7 in Axes
   151 | D        | Reached XP level 3. HP: 11/40 MP: 2/2
   151 | D        | Reached XP level 4. HP: 13/48 MP: 3/3
   373 | D        | Noticed Sigmund
   381 | D        | Killed Sigmund
   381 | D        | Reached ** piety under Trog
   381 | D        | Reached skill level 10 in Axes
   381 | D        | Reached skill level 5 in Armour
   381 | D        | Reached skill level 5 in Dodging
   381 | D        | Reached XP level 5. HP: 50/58 MP: 4/4
   381 | D        | Reached XP level 6. HP: 57/66 MP: 5/5
   509 | D        | Found a deep blue altar of Sif Muna.
   511 | D        | Found a radiant altar of Vehumet.
   515 | D        | Reached skill level 10 in Fighting
   515 | D        | Reached skill level 1 in Evocations
   532 | D        | Found Fonk's Distillery.
   532 | D        | Found an ancient bone altar of Kikubaaqudgha.
   532 | D        | Found a hazy altar of Hepliaklqana.
   532 | D        | Found a stormy altar of Qazlal.
   532 | D        | Found a hide-covered altar of Uskayaw.
   532 | D        | Found a blossoming altar of Fedhas.
   532 | D        | Found a bloodstained altar of Trog.
   532 | D        | Found an iron altar of Okawaru.
   532 | D        | Found a basalt altar of Yredelemnul.
   532 | D        | Found a glowing golden altar of the Shining One.
   532 | D        | Found a snail-covered altar of Cheibriados.
   532 | D        | Found a sacrificial altar of Ru.
   532 | D        | Found a glowing silver altar of Zin.
   532 | D        | Found a shadowy altar of Dithmenos.
   532 | D        | Found a white marble altar of Elyvilon.
   532 | D        | Noticed a yak
   540 | D        | Killed a yak
   540 | D        | Reached skill level 11 in Axes
   541 | D        | Found an opulent altar of Gozag.
   542 | D        | Found a sparkling altar of Nemelex Xobeh.
   651 | D        | Found a burning altar of Makhleb.
   651 | D        | Found a viscous altar of Jiyva.
   651 | D        | Found a shimmering altar of Xom.
   651 | D        | Found a corrupted altar of Lugonu.
   651 | D        | Noticed a slime creature
   661 | D        | Killed a slime creature
   661 | D        | Reached *** piety under Trog
   661 | D        | Reached skill level 12 in Axes
   661 | D        | Reached XP level 7. HP: 58/74 MP: 8/8
   751 | D        | Noticed Sonja
   755 | D        | Killed Sonja
   755 | D        | Reached skill level 13 in Axes
   755 | D        | Reached skill level 5 in Evocations
   755 | D        | Reached XP level 8. HP: 29/85 MP: 8/10
   821 | D        | Killed a hornet
  1070 | D        | Killed a hornet
  1237 | D        | Identified the Guide on Gliding Ice
  1360 | D        | Noticed a deep troll
  1365 | D        | Reached **** piety under Trog
  1366 | D        | Slain by a deep troll

Skill      XL: |  1  2  3  4  5  6  7 |
---------------+----------------------+-----
Fighting       | 5 7 9 11 12 | 12.5
Axes           | 5 7 10 12 13 | 13.3
Armour         | 3 4 5 6 |  6.7
Dodging        | 3 4 5 6 7 |  7.1
Evocations     | 3 5 |  5.2

Action                   |  1- 3 |  4- 6 |  7- 9 || total
-------------------------+-------+-------+-------++-------
Melee: Hand axe          |    10 |    23 |    13 ||    46
       Headbutt          |     2 |    10 |     8 ||    20
Invok: Berserk           |       |     1 |     2 ||     3
       Burn Spellbooks   |       |       |     1 ||     1
Evoke: Wand              |       |       |     2 ||     2
 Stab: Sleeping          |       |     1 |       ||     1
  Eat: Bread ration      |       |       |     1 ||     1
Armor: Animal skin       |       |       |     2 ||     2
Dodge: Dodged            |     3 |     6 |     4 ||    13
